 Dungeon Crawl Stone Soup version 0.21.0-3-g78d12a8 (webtiles) character file.

134 letownia2 the Ruffian (level 5, 0/32 HPs)
             Began as a Gargoyle Fighter on Jan 11, 2018.
             Slain by Duvessa
             ... wielding a +0 short sword
              (1 damage)
             ... on level 4 of the Dungeon.
             The game lasted 00:03:08 (1211 turns).

letownia2 the Ruffian (Gargoyle Fighter)            Turns: 1211, Time: 00:03:09

Health: 0/32       AC: 10    Str: 20    XL:     5   Next: 17%
Magic:  5/5        EV:  9    Int:  9    God:
Gold:   25         SH:  0    Dex:  9    Spells: 4/4 levels left

rFire    . . .     SeeInvis .     - Unarmed
rCold    . . .     Gourm    .   (no shield)
rNeg     + . .     Faith    .   a - +0 scale mail
rPois    ∞         Spirit   .   (no helmet)
rElec    +         Reflect  .   (no cloak)
rCorr    .         Harm     .   (no gloves)
MR       .....                  (no boots)
Stlth    ..........             (no amulet)
HPRegen  0.10/turn              (no ring)
MPRegen  0.09/turn              (no ring)

@: no status effects
A: negative energy resistance 1, electricity resistance, unbreathing,
petrification resistance, rot immunity, AC +4
a: no special abilities


You were on level 4 of the Dungeon.
You were not hungry.

You visited 1 branch of the dungeon, and saw 4 of its levels.

You collected 25 gold pieces.

Inventory:

Hand Weapons
 j - a +1 whip of draining
Missiles
 h - 7 javelins (quivered)
Armour
 a - a +0 scale mail (worn)
 b - a +0 shield
Scrolls
 e - 2 scrolls of remove curse {unknown}
 i - a scroll of blinking {unknown}
 k - a scroll of identify {unknown}
Potions
 c - a potion of might
 f - a potion of degeneration {unknown}
 g - a potion of flight {unknown}
Comestibles
 d - 4 rations


   Skills:
 + Level 3.6 Fighting
 - Level 3.2 Armour
 - Level 3.2 Shields
 + Level 5.0 Unarmed Combat


You had 4 spell levels left.
You didn't know any spells.

Dungeon Overview and Level Annotations

Branches:
Dungeon (4/15)
 Temple: D:4-7

Altars:

Annotations:
D:3 Robin
D:4 Dowan, Duvessa


Innate Abilities, Weirdness & Mutations

You are resistant to torment.
Your stone body is resilient. (AC +4)
You are immune to poison.
You resist negative energy. (rN+)
You are resistant to electric shocks. (rElec)
You can survive without breathing.
You are immune to petrification.
You are immune to rotting.


Message History

Unknown command.
You hit Duvessa.
Duvessa is moderately wounded.
Duvessa hits you but does no damage.
Dowan gestures wildly while chanting.
Dowan blinks!
The leopard gecko closely misses you. Duvessa barely misses you.
You hit Duvessa but do no damage. You punch Duvessa.
Duvessa is heavily wounded.
Duvessa closely misses you. The leopard gecko misses you.
Unknown command.
You hit Duvessa.
Duvessa is heavily wounded.
Duvessa hits you but does no damage. The leopard gecko bites you.
* * * LOW HITPOINT WARNING * * *
You hit Duvessa.
Duvessa is heavily wounded.
Duvessa barely misses you.
The leopard gecko bites you but does no damage.
Duvessa hits you with a short sword.
You die...

##.# #..# #..# ## #..# #. #. #..#
#. g.## #..######### #.
##.####..g..o..oZ# #.
....g...g#######l# #.# .#)#g#####
#@# #.##### ......#
##e#######.#...####
...#..########.!.................
#...#.............e...........##.
############.#########...>.......
#..................##. . .
###.<########<......###.
.#...........####.......# #.
...##....###............###.


You could see Duvessa, Dowan, an orc, a leopard gecko and an adder skeleton.

Vanquished Creatures
  2 orc priests (D:4)
  A hound (D:4)
  2 adders (D:3)
  4 orcs
  3 bats
  7 goblins
  A kobold (D:2)
  A frilled lizard (D:3)
  A jackal skeleton (D:4)
  2 rats (D:3)
24 creatures vanquished.

Notes
Turn   | Place    | Note
-------+----------+-------------------------------------------
     0 | D:1      | letownia2 the Gargoyle Fighter began the quest for the Orb.
     0 | D:1      | Reached XP level 1. HP: 14/14 MP: 1/1
   371 | D:3      | Noticed Robin
   373 | D:3      | Reached XP level 2. HP: 16/19 MP: 2/2
   519 | D:3      | Reached skill level 3 in Unarmed Combat
   523 | D:3      | Reached XP level 3. HP: 11/23 MP: 3/3
   864 | D:4      | Reached skill level 4 in Unarmed Combat
   864 | D:4      | Reached XP level 4. HP: 13/28 MP: 4/4
  1131 | D:4      | Noticed Duvessa
  1182 | D:4      | Reached skill level 5 in Unarmed Combat
  1182 | D:4      | Reached XP level 5. HP: 15/32 MP: 5/5
  1196 | D:4      | Noticed Dowan
  1203 | D:4      | HP: 1/32 [leopard gecko (1)]
  1210 | D:4      | HP: 1/32 [leopard gecko (1)]
  1211 | D:4      | Slain by Duvessa

Skill      XL: |  1  2  3  4 |
---------------+-------------+-----
Unarmed Combat | 3 4 5 |  5.0
Fighting       | |  3.6
Armour         | |  3.2
Shields        | |  3.2

Action                   |  1- 3 |  4- 6 || total
-------------------------+-------+-------++-------
Melee: Unarmed           |   121 |    46 ||   167
       Punch             |       |     1 ||     1
Throw: Javelin           |     1 |       ||     1
  Eat: Chunk             |       |     1 ||     1
Armor: Scale mail        |    98 |    35 ||   133
Dodge: Dodged            |    95 |    34 ||   129
